 Dungeon Crawl Stone Soup version 0.29-a0-330-g52719c12eb (webtiles) character file.

Game seed: 7632353578229107911

13773 Crownlay the Frost Mage (level 12, -4/89 HPs)
             Began as a Gnoll Ice Elementalist on May 2, 2022.
             Was a High Priest of Sif Muna.
             Slain by a freezing wraith (7 damage)
             ... on level 11 of the Dungeon.
             The game lasted 00:26:13 (15447 turns).

Crownlay the Frost Mage (Gnoll Ice Elementalist)   Turns: 15447, Time: 00:26:14

Health: -4/89      AC: 16    Str:  8    XL:     12   Next: 9%
Magic:  0/24       EV: 16    Int: 18    God:    Sif Muna [*****.]
Gold:   1289       SH:  0    Dex: 14    Spells: 6/28 levels left

rFire   . . .      SeeInvis +   e - +11 battleaxe "Maanith" {flame, rElec}
rCold   . . .      Faith    .   (shield currently unavailable)
rNeg    . . .      Spirit   +   G - +0 steam dragon scales
rPois   +          Reflect  .   (no helmet)
rElec   +          Harm     .   s - +0 cloak {rPois}
rCorr   .          Rampage  .   (no gloves)
Will    .....                   (no boots)
Stlth   ++++......              J - amulet of guardian spirit
HPRegen 0.24/turn               t - ring of see invisible
MPRegen 0.19/turn               n - ring of wizardry

@: ice-armoured, freezing walls, slowed, very slow
A: fangs 1, strong nose, distributed training
a: Renounce Religion, Channel Magic, Forget Spell, Divine Exegesis


You were on level 11 of the Dungeon.
You worshipped Sif Muna.
Sif Muna was extremely pleased with you.
You visited 2 branches of the dungeon, and saw 12 of its levels.
You also visited: Ossuary and Bailey.

You collected 1289 gold pieces.

Inventory:

Hand Weapons
 e - the +11 battleaxe "Maanith" (weapon) {flame, rElec}
   (You took it off an orc warrior in a bailey)

   It burns those it strikes, dealing additional fire damage.
   Big, fiery blades are also staple armaments of hydra-hunters.
   rElec:     It insulates you from electricity.
Missiles
 j - 2 throwing nets
 L - 12 silver boomerangs
Armour
 a - a +0 tower shield
 s - a +0 cloak of poison resistance (worn)
 G - +0 steam dragon scales (worn)
Magical Staves
 D - a staff of cold
Jewellery
 h - a ring of protection from fire
 n - a ring of wizardry (right hand)
 t - a ring of see invisible (left hand)
 J - an amulet of guardian spirit (around neck)
Wands
 k - a wand of paralysis (12)
 x - a wand of flame (1)
 y - a wand of polymorph (5)
 I - a wand of iceblast (1)
 N - a wand of charming (4)
Scrolls
 c - 2 scrolls of teleportation
 d - 2 scrolls of amnesia
 f - 2 scrolls of blinking
 g - a scroll of enchant weapon
 i - a scroll of brand weapon
 q - 3 scrolls of summoning
 A - 2 scrolls of magic mapping
 B - 2 scrolls of fog
 E - 2 scrolls of enchant armour
 H - a scroll of fear {unknown}
Potions
 b - 2 potions of magic
 l - 6 potions of curing
 m - 2 potions of berserk rage {unknown}
 o - 4 potions of brilliance {unknown}
 p - 2 potions of heal wounds {unknown}
 r - 3 potions of flight {unknown}
 u - a potion of lignification {unknown}
 v - 3 potions of mutation {unknown}
 w - 3 potions of might
 z - 2 potions of attraction {unknown}
 C - a potion of resistance
 F - 2 potions of invisibility {unknown}
 K - 2 potions of ambrosia {unknown}
 M - 4 potions of haste


   Skills:
 + Level 6.9 Fighting
 + Level 6.9 Short Blades
 + Level 6.9 Long Blades
 + Level 6.9 Axes
 + Level 6.9 Maces & Flails
 + Level 6.9 Polearms
 + Level 6.9 Staves
 + Level 6.9 Slings
 + Level 6.9 Bows
 + Level 6.9 Crossbows
 + Level 6.9 Throwing
 + Level 6.9 Armour
 + Level 8.4 Dodging
 + Level 8.2 Stealth
 + Level 6.9 Shields
 + Level 6.9 Unarmed Combat
 + Level 8.6 Spellcasting
 + Level 5.7 Conjurations
 + Level 5.7 Hexes
 + Level 5.7 Summonings
 + Level 5.7 Necromancy
 + Level 5.7 Translocations
 + Level 5.7 Transmutations
 + Level 5.7 Fire Magic
 + Level 9.2 Ice Magic
 + Level 5.7 Air Magic
 + Level 5.7 Earth Magic
 + Level 5.7 Poison Magic
 + Level 7.6 Invocations
 + Level 6.9 Evocations


You had 6 spell levels left.
You knew the following spells:

 Your Spells              Type           Power      Damage    Failure   Level
a - Freeze                Ice            100%       1d11      1%          1
b - Frozen Ramparts       Ice            82%        1d10      1%          3
c - Ozocubu's Armour      Ice            41%        N/A       1%          3
d - Hailstorm             Conj/Ice       34%        3d9       1%          4
e - Summon Lightning Spi  Summ/Air       28%        N/A       3%          4
f - Manifold Assault      Tloc           28%        N/A       10%         5
g - Blink                 Tloc           56%        N/A       1%          2

Your spell library contained the following spells:

 Spells                   Type           Power      Damage    Failure   Level
 Shock                    Conj/Air       100%       1d9       1%          1
 Lesser Beckoning         Tloc           28%        N/A       1%          3
 Swiftness                Air            28%        N/A       1%          3
 Airstrike                Air            14%        N/A       3%          4
 Metabolic Englaciation   Hex/Ice        17%        N/A       4%          5
 Simulacrum               Ice/Necr       17%        N/A       26%         6
 Storm Form               Tmut/Air       14%        N/A       94%         7
 Maxwell's Capacitive Co  Air            14%        ∞         100%        8


Dungeon Overview and Level Annotations

Branches:
Dungeon (11/15)            Temple (1/1) D:5         Ossuary (visited)
 Bailey (visited)
   Lair: D:8-11         Orc: D:9-12

Altars:
Cheibriados
Elyvilon
Hepliaklqana
Kikubaaqudgha
Makhleb
Okawaru
Sif Muna
Trog
Vehumet
Wu Jian
Xom
Zin
The Shining One

Shops:
D:9 *:   D:11 *


Innate Abilities, Weirdness & Mutations

You have very sharp teeth.
Your uncanny sense of smell can sniff out nearby items.
Your experience applies equally to all skills.


Message History

The wall freezes the troll.
You kill the troll!
Sif Muna accepts your kill.
The troll leather armour is intact enough to wear.
The wall freezes the boulder beetle!
The freezing wraith completely resists.
The wall freezes the freezing wraith but does no damage.
The freezing wraith closely misses you. The freezing wraith hits you!
Okay, then.
Okay, then.
Aiming: Paralyse
Press: ? - help, Shift-Dir - straight line, f - boulder beetle
Aim: a boulder beetle shaped shifter (lightly wounded, rolling, chance to affect: 49%)
The boulder beetle suddenly stops moving!
The wall freezes the boulder beetle.
The freezing wraith completely resists.
The wall freezes the freezing wraith but does no damage.
The freezing wraith hits you but does no damage. x2
You slash the freezing wraith! You burn the freezing wraith.
You bite the freezing wraith, but do no damage.
The freezing wraith is almost destroyed.
The helpless boulder beetle fails to defend itself.
You hit the boulder beetle but do no damage.
The wall freezes the boulder beetle.
The freezing wraith completely resists.
The wall freezes the freezing wraith but does no damage.
The freezing wraith misses you. The freezing wraith hits you!
* * * LOW HITPOINT WARNING * * *
The freezing wraith drains your vigour!
You feel yourself slow down.
You barely miss the freezing wraith.
The freezing wraith is almost destroyed.
The helpless boulder beetle fails to defend itself.
You hit the boulder beetle but do no damage.
The wall freezes the boulder beetle.
An orc wizard comes into view.
It is wielding a +0 falchion and carrying a wand of mindburst (7).
The freezing wraith completely resists.
The wall freezes the freezing wraith but does no damage.
The freezing wraith hits you!
* * * LOW HITPOINT WARNING * * *
The freezing wraith freezes you!
* * * LOW HITPOINT WARNING * * *
The freezing wraith hits you!
You die...

#..########
####
#..........
....
#.......[..
##..
#..........
##.
#.#########
## #.# #†#
#.# ∆ #@#
#WBu...#
#......'o
#......'.
#.####.'.
#.# ## #!#
#.#


You could see a boulder beetle shaped shifter (paralysed), a white ugly thing, a
freezing wraith and an orc wizard (wandering).

Vanquished Creatures
  A hydra (D:11)
  2 two-headed ogres
  An orc high priest (Bailey)
  A deep elf pyromancer (D:11)
  An ugly thing (D:10)
  2 manticores
  A guardian serpent (D:11)
  Maggie (D:7)
  A kobold demonologist (Bailey)
  The ghost of funaii the Caller, a novice BaSu (D:4)
  3 trolls
  A hornet (D:9)
  2 wraiths
  A wyvern (D:10)
  A shadow (D:11)
  11 yaks (D:11)
  A vampire mosquito (D:11)
  3 acid dragons
  13 orc warriors
  A sky beast (D:6)
  A centaur (D:8)
  2 ogres
  A phantom (D:6)
  Blork the orc (D:6)
  An elf zombie (D:6)
  A kobold brigand (D:4)
  4 bullfrogs
  2 gnoll sergeants (D:9)
  6 scorpions
  An elf skeleton (D:6)
  11 wights
  11 killer bees
  5 howler monkeys
  3 electric eels (Bailey)
  4 hounds
  7 orc priests
  A gnoll shaman (D:6)
  Crazy Yiuf (D:3)
  A human skeleton (D:6)
  3 iguanas
  Natasha (thrice) (D:4)
  12 orc wizards
  A mummy (Ossuary)
  9 gnolls
  4 adders
  A white imp (D:8)
  A dart slug (D:5)
  32 orcs
  2 spectral bats (Ossuary)
  6 endoplasms
  2 giant cockroaches (D:3)
  12 goblins
  9 hobgoblins
  3 jackals (D:1)
  17 kobolds
  4 quokkas
  5 ball pythons
  9 bats
  2 bat simulacra (Ossuary)
  4 frilled lizards
  12 gnoll zombies (Ossuary)
  3 goblin simulacra (Ossuary)
  4 goblin zombies (Ossuary)
  5 hobgoblin zombies (Ossuary)
  2 kobold zombies (Ossuary)
  An orc skeleton (D:6)
  9 orc zombies
  6 rats
  4 rat simulacra (Ossuary)
  2 spectral goblins (Ossuary)
  4 spectral kobolds (Ossuary)
  4 spectral rats (Ossuary)
310 creatures vanquished.

Vanquished Creatures (collateral kills)
  A centaur (D:10)
  A killer bee (D:10)
  A howler monkey (D:10)
3 creatures vanquished.

Vanquished Creatures (others)
  A quokka (D:4)
  28 fungi
  2 plants
31 creatures vanquished.

Grand Total: 344 creatures vanquished

Notes
Turn   | Place    | Note
-------+----------+-------------------------------------------
     0 | D:1      | Crownlay the Gnoll Ice Elementalist began the quest for the
                  | Orb.
     0 | D:1      | Reached XP level 1. HP: 13/13 MP: 6/6
   376 | D:1      | Reached XP level 2. HP: 19/19 MP: 5/7
  1247 | D:2      | Reached XP level 3. HP: 25/25 MP: 6/9
  1251 | D:2      | Learned a level 3 spell: Frozen Ramparts
  1255 | D:2      | Learned a level 3 spell: Ozocubu's Armour
  1369 | D:2      | Reached skill level 1 in Fighting
  1369 | D:2      | Reached skill level 1 in Short Blades
  1369 | D:2      | Reached skill level 1 in Long Blades
  1369 | D:2      | Reached skill level 1 in Axes
  1369 | D:2      | Reached skill level 1 in Maces & Flails
  1369 | D:2      | Reached skill level 1 in Polearms
  1369 | D:2      | Reached skill level 1 in Staves
  1369 | D:2      | Reached skill level 1 in Slings
  1369 | D:2      | Reached skill level 1 in Bows
  1369 | D:2      | Reached skill level 1 in Crossbows
  1369 | D:2      | Reached skill level 1 in Throwing
  1369 | D:2      | Reached skill level 1 in Armour
  1369 | D:2      | Reached skill level 1 in Shields
  1369 | D:2      | Reached skill level 1 in Unarmed Combat
  1369 | D:2      | Reached skill level 5 in Spellcasting
  1369 | D:2      | Reached skill level 1 in Invocations
  1369 | D:2      | Reached skill level 1 in Evocations
  1602 | D:2      | Reached XP level 4. HP: 28/32 MP: 9/11
  2042 | D:3      | Found a faded altar of an unknown god.
  2098 | D:3      | Reached skill level 1 in Conjurations
  2098 | D:3      | Reached skill level 1 in Hexes
  2098 | D:3      | Reached skill level 1 in Summonings
  2098 | D:3      | Reached skill level 1 in Necromancy
  2098 | D:3      | Reached skill level 1 in Translocations
  2098 | D:3      | Reached skill level 1 in Transmutations
  2098 | D:3      | Reached skill level 1 in Fire Magic
  2098 | D:3      | Reached skill level 1 in Air Magic
  2098 | D:3      | Reached skill level 1 in Earth Magic
  2098 | D:3      | Reached skill level 1 in Poison Magic
  2553 | D:3      | Found a runed translucent door.
  2554 | D:3      | Noticed Crazy Yiuf
  2737 | D:3      | Reached XP level 5. HP: 37/37 MP: 8/12
  3120 | D:3      | Killed Crazy Yiuf
  3434 | D:4      | Found a runed translucent gate.
  3434 | D:4      | Found a runed translucent gate.
  3434 | D:4      | Found a runed translucent gate.
  3438 | D:4      | Noticed funaii's ghost (novice BaSu)
  3481 | D:4      | Noticed a kobold brigand
  3551 | D:4      | Found a shimmering altar of Xom.
  3557 | D:4      | Reached XP level 6. HP: 34/44 MP: 6/13
  3560 | D:4      | Reached skill level 5 in Dodging
  3752 | D:4      | Noticed Natasha
  3758 | D:4      | Killed Natasha
  4148 | D:4      | Noticed Natasha
  4156 | D:4      | Killed Natasha
  4216 | D:4      | Learned a level 4 spell: Hailstorm
  4224 | D:4      | Killed funaii's ghost
  4225 | D:4      | Reached skill level 5 in Stealth
  4225 | D:4      | Reached XP level 7. HP: 51/51 MP: 4/15
  4514 | D:4      | Noticed Natasha
  4519 | D:4      | Killed Natasha
  4542 | D:5      | Entered Level 5 of the Dungeon
  4551 | D:5      | Reached XP level 8. HP: 57/57 MP: 9/16
  4841 | D:5      | Found a staircase to the Ecumenical Temple.
  4850 | Temple   | Entered the Ecumenical Temple
  4960 | Temple   | Became a worshipper of Sif Muna the Loreminder
  5844 | D:6      | Found a sand-covered staircase.
  5861 | Ossuary  | Entered an ossuary
  6012 | Ossuary  | Reached * piety under Sif Muna
  6289 | Ossuary  | Reached ** piety under Sif Muna
  6490 | D:6      | Reached XP level 9. HP: 64/65 MP: 18/18
  7029 | D:6      | Noticed Blork the orc
  7048 | D:6      | Killed Blork the orc
  7706 | D:7      | Reached skill level 8 in Ice Magic
  8374 | D:7      | Reached *** piety under Sif Muna
  8521 | D:7      | Reached skill level 5 in Invocations
  8704 | D:7      | Noticed Maggie
  8711 | D:7      | Killed Maggie
  9192 | D:8      | Learned a level 4 spell: Summon Lightning Spire
  9330 | D:8      | Found a flagged portal.
  9338 | Bailey   | Entered a bailey
  9440 | Bailey   | Reached XP level 10. HP: 73/73 MP: 13/20
  9442 | Bailey   | Noticed a kobold demonologist
  9447 | Bailey   | Killed a kobold demonologist
  9569 | Bailey   | Identified the +11 battleaxe "Maanith" {flame, rElec}
  9573 | Bailey   | Found an iron altar of Okawaru.
  9575 | Bailey   | Noticed an orc high priest
  9586 | Bailey   | Reached skill level 5 in Fighting
  9586 | Bailey   | Reached skill level 5 in Short Blades
  9586 | Bailey   | Reached skill level 5 in Long Blades
  9586 | Bailey   | Reached skill level 5 in Axes
  9586 | Bailey   | Reached skill level 5 in Maces & Flails
  9586 | Bailey   | Reached skill level 5 in Polearms
  9586 | Bailey   | Reached skill level 5 in Staves
  9586 | Bailey   | Reached skill level 5 in Slings
  9586 | Bailey   | Reached skill level 5 in Bows
  9586 | Bailey   | Reached skill level 5 in Crossbows
  9586 | Bailey   | Reached skill level 5 in Throwing
  9586 | Bailey   | Reached skill level 5 in Armour
  9586 | Bailey   | Reached skill level 5 in Shields
  9586 | Bailey   | Reached skill level 5 in Unarmed Combat
  9586 | Bailey   | Reached skill level 5 in Evocations
  9586 | Bailey   | Killed an orc high priest
 10259 | D:8      | Acquired 618 gold pieces
 10325 | D:8      | Reached **** piety under Sif Muna
 11365 | D:9      | Found Aduibas's Book Boutique.
 11376 | D:9      | Learned a level 5 spell: Manifold Assault
 11387 | D:9      | Found Venat's CLEARANCE SALE!.
 11790 | D:9      | Found an iron altar of Okawaru.
 11798 | D:9      | Noticed a two-headed ogre
 11818 | D:9      | Killed a two-headed ogre
 12141 | D:9      | Reached XP level 11. HP: 81/81 MP: 22/22
 12246 | D:9      | Noticed a manticore
 12253 | D:9      | Killed a manticore
 12620 | D:10     | Entered Level 10 of the Dungeon
 12620 | D:10     | Noticed a brown ugly thing
 12638 | D:10     | Reached skill level 5 in Conjurations
 12638 | D:10     | Reached skill level 5 in Hexes
 12638 | D:10     | Reached skill level 5 in Summonings
 12638 | D:10     | Reached skill level 5 in Necromancy
 12638 | D:10     | Reached skill level 5 in Translocations
 12638 | D:10     | Reached skill level 5 in Transmutations
 12638 | D:10     | Reached skill level 5 in Fire Magic
 12638 | D:10     | Reached skill level 5 in Air Magic
 12638 | D:10     | Reached skill level 5 in Earth Magic
 12638 | D:10     | Reached skill level 5 in Poison Magic
 12638 | D:10     | Killed a brown ugly thing
 13987 | D:9      | Found a large runed translucent door.
 13988 | D:9      | Found a large runed translucent door.
 14123 | D:9      | Found a hazy altar of Hepliaklqana.
 14224 | D:9      | Found a glowing silver altar of Zin.
 14669 | D:11     | Noticed a purple ugly thing
 14669 | D:11     | Found Ezeng's General Store.
 14754 | D:11     | Reached skill level 9 in Ice Magic
 14763 | D:11     | Noticed a two-headed ogre
 14767 | D:11     | Noticed a deep elf pyromancer
 14768 | D:11     | Noticed a manticore
 14771 | D:11     | Killed a two-headed ogre
 14776 | D:11     | Killed a deep elf pyromancer
 14776 | D:11     | Killed a manticore
 15032 | D:11     | Learned a level 2 spell: Blink
 15075 | D:11     | Reached ***** piety under Sif Muna
 15249 | D:11     | Noticed a five-headed hydra
 15257 | D:11     | Killed a two-headed hydra
 15258 | D:11     | Reached XP level 12. HP: 40/89 MP: 9/24
 15440 | D:11     | Noticed a boulder beetle
 15440 | D:11     | a wolf spider changed into a boulder beetle
 15447 | D:11     | HP: 3/89 [freezing wraith (10)]
 15447 | D:11     | Slain by a freezing wraith

Illustrated notes

Levels and vault maps discovered:
D:1:      minmay_arrival_wavy_path, layout_loops_ring, serial_glass,
          glass_columns_a, glass_columns_a, hex_medium
D:2:      layout_basic
D:3:      layout_loops_ring, ebering_ecumenical_altar_hall,
          small_statue_intersection, uniq_crazy_yiuf_cottage
D:4:      layout_loops_cross, xom_confusion_cloud,
          gammafunk_ghost_nasty_kobolds, roderic_serpentine_path, uniq_natasha
D:5:      layout_loops_ring, minmay_temple_entry_crystal_x, moated_statue,
          minmay_holes
D:6:      layout_cave_pods, nicolae_ossuary_entry_catacombs, uniq_blork_the_orc
D:7:      layout_basic, kennysheep_generic_room_5, uniq_maggie
D:8:      layout_loops_cross, enter_bailey_2, serial_co_window_serial,
          co_window_corner_a, co_window_cross_1, co_window_paths_a,
          co_window_corner_a, co_window_paths_a, co_window_paths_b,
          co_window_of_opportunity_a, co_window_2corner, co_window_2corner,
          co_window_paths_c, co_window_corner_b, co_window_corner_ca,
          glass_columns_a, glass_columns_a, glass_columns_a
D:9:      old_forge, layout_loops_cross, jmf_multi_god_temple2,
          mainiacjoe_overflow_cross_hatched, serial_shops,
          kennysheep_little_box, nicolae_shop_clearance
D:10:     layout_cave_pods, minmay_unpleasant_kobolds
D:11:     nrook_guardian_serpent_snake_passage, layout_long_grid,
          lair_entry_dummy, serial_shops, nicolae_stop_n_shop_1,
          kennysheep_kite_vault
Temple:   dpeg_five_rooms_temple

Skill      XL: |  1  2  3  4  5  6  7  8  9 10 11 |
---------------+----------------------------------+-----
Fighting       | 1 2 3 4 5 6 |  6.9
Short Blades   | 1 2 3 4 5 6 |  6.9
Long Blades    | 1 2 3 4 5 6 |  6.9
Axes           | 1 2 3 4 5 6 |  6.9
Maces & Flails | 1 2 3 4 5 6 |  6.9
Polearms       | 1 2 3 4 5 6 |  6.9
Staves         | 1 2 3 4 5 6 |  6.9
Slings         | 1 2 3 4 5 6 |  6.9
Bows           | 1 2 3 4 5 6 |  6.9
Crossbows      | 1 2 3 4 5 6 |  6.9
Throwing       | 1 2 3 4 5 6 |  6.9
Armour         | 1 2 3 4 5 6 |  6.9
Shields        | 1 2 3 4 5 6 |  6.9
Unarmed Combat | 1 2 3 4 5 6 |  6.9
Spellcasting   | 5 6 7 8 |  8.6
Invocations    | 1 2 3 4 5 6 7 |  7.6
Evocations     | 1 2 3 4 5 6 |  6.9
Conjurations   | 1 2 3 4 5 |  5.7
Hexes          | 1 2 3 4 5 |  5.7
Summonings     | 1 2 3 4 5 |  5.7
Necromancy     | 1 2 3 4 5 |  5.7
Translocations | 1 2 3 4 5 |  5.7
Transmutations | 1 2 3 4 5 |  5.7
Fire Magic     | 1 2 3 4 5 |  5.7
Air Magic      | 1 2 3 4 5 |  5.7
Earth Magic    | 1 2 3 4 5 |  5.7
Poison Magic   | 1 2 3 4 5 |  5.7
Dodging        | 5 6 7 8 |  8.4
Stealth        | 5 6 7 8 |  8.2
Ice Magic      | 8 9 |  9.2

Action                   |  1- 3 |  4- 6 |  7- 9 | 10-12 || total
-------------------------+-------+-------+-------+-------++-------
Melee: Unarmed           |     1 |       |       |       ||     1
       Whip              |       |    27 |   196 |       ||   223
       Bite              |       |     2 |    47 |    17 ||    66
       Punch             |       |       |     5 |     1 ||     6
       Staff             |       |       |   120 |     8 ||   128
       Battleaxe         |       |       |       |   137 ||   137
 Fire: Hunting sling     |    38 |    22 |       |       ||    60
 Cast: Freeze            |    23 |     1 |     7 |       ||    31
       Frozen Ramparts   |     1 |    24 |    40 |    45 ||   110
       Ozocubu's Armour  |       |     9 |    18 |    21 ||    48
       Hailstorm         |       |     1 |     4 |     6 ||    11
       Manifold Assault  |       |       |       |     1 ||     1
       Summon Lightning  |       |       |       |     6 ||     6
Evoke: Wand              |       |       |       |    11 ||    11
  Use: Scroll            |       |     5 |     9 |     2 ||    16
       Potion            |       |       |     1 |     2 ||     3
 Stab: Sleeping          |     1 |       |    18 |     1 ||    20
       Paralysed         |       |       |       |     2 ||     2
Armor: Robe              |     3 |     7 |    60 |       ||    70
       Steam dragon scal |       |       |     1 |    54 ||    55
Dodge: Dodged            |    27 |    25 |   162 |   158 ||   372

Table legend: (Time is in decaauts)
 A = Elapsed time spent in this place.
 B = Non-inter-level travel time spent in this place.
 C = Inter-level travel time spent in this place.
 D = Time resting spent in this place.
 E = Time spent auto-exploring this place.
 F = Levels seen in this place.
 G = Mean time per level.
                   A        B        C        D        E       F      G
               +--------+--------+--------+--------+--------+-----+--------+
         Total |  15537 |  14710 |    827 |     48 |  12497 |  14 | 1109.8 |
       Dungeon |  13926 |  13155 |    771 |     48 |  11341 |  11 | 1266.0 |
        Temple |    139 |     83 |     56 |      0 |     67 |   1 |  139.0 |
       Ossuary |    530 |    530 |      0 |      0 |    331 |   1 |  530.0 |
        Bailey |    940 |    940 |      0 |      0 |    757 |   1 |  940.0 |
               +--------+--------+--------+--------+--------+-----+--------+

Top non-repeatable levels by time:
    D:10: 1797 daAuts
     D:9: 1576 daAuts
     D:6: 1515 daAuts
     D:7: 1497 daAuts
     D:4: 1318 daAuts
     D:3: 1262 daAuts
     D:8: 1253 daAuts
     D:2: 1020 daAuts
     D:1: 967 daAuts
     D:5: 942 daAuts
  Bailey: 940 daAuts
    D:11: 775 daAuts
 Ossuary: 530 daAuts
  Temple: 139 daAuts
